 Dungeon Crawl Stone Soup version 0.28.0-53-g5a82cb258f (webtiles) character file.

Game seed: 11825993329179806913

8428 Peloso the Carver (level 11, -3/97 HPs)
             Began as a Minotaur Fighter on May 21, 2022.
             Was a Priest of Okawaru.
             Slain by an orc wizard
             ... wielding a +0 dagger of distortion
              (24 damage)
             ... on level 10 of the Dungeon.
             The game lasted 00:21:02 (10600 turns).

Peloso the Carver (Minotaur Fighter)               Turns: 10600, Time: 00:21:02

Health: -3/97      AC: 16    Str: 23    XL:     11   Next: 9%
Magic:  9/10       EV:  7    Int:  5    God:    Okawaru [***...]
Gold:   240        SH: 10    Dex: 12    Spells: 10/10 levels left

rFire   . . .      SeeInvis .   a - +2 falchion (vorpal)
rCold   . . .      Faith    .   c - +0 kite shield
rNeg    . . .      Spirit   .   E - +0 plate armour
rPois   .          Reflect  .   (helmet restricted)
rElec   .          Harm     .   j - +0 cloak
rCorr   .          Rampage  .   (no gloves)
Will    .....                   (no boots)
Stlth   ..........              (no amulet)
HPRegen 0.26/turn               (no ring)
MPRegen 0.12/turn               (no ring)

@: no status effects
A: horns 2, retaliatory headbutt
a: Renounce Religion, Heroism


You were on level 10 of the Dungeon.
You worshipped Okawaru.
Okawaru was most pleased with you.
You visited 2 branches of the dungeon, and saw 11 of its levels.

You collected 408 gold pieces.
You spent 168 gold pieces at shops.

Inventory:

Hand Weapons
 a - a +2 vorpal falchion (weapon)
 b - a +2 spear of flaming
Missiles
 B - a throwing net (quivered)
Armour
 c - a +0 kite shield (worn)
 j - a +0 cloak (worn)
 q - a +0 chain mail
 E - a +0 plate armour (worn)
Jewellery
 C - a ring of resist corrosion
 D - a ring of protection from cold
Wands
 o - a wand of paralysis (2)
 x - a wand of iceblast (14)
 G - a wand of polymorph (8)
Scrolls
 e - 7 scrolls of teleportation
 f - a scroll of immolation
 h - a scroll of enchant armour
 i - a scroll of fog
 k - 2 scrolls of summoning {unknown}
 m - 2 scrolls of amnesia {unknown}
 p - 2 scrolls of enchant weapon
 r - a scroll of holy word {unknown}
 t - a scroll of silence {unknown}
 w - a scroll of torment {unknown}
 y - 2 scrolls of noise
 F - 2 scrolls of blinking
 I - a scroll of magic mapping
Potions
 d - a potion of might
 g - 2 potions of heal wounds
 l - 3 potions of magic
 n - a potion of berserk rage
 s - a potion of invisibility
 u - 2 potions of brilliance
 z - a potion of resistance {unknown}
 A - a potion of mutation {unknown}
 H - a potion of curing


   Skills:
 + Level 9.5 Fighting
 + Level 12.7 Long Blades
 + Level 11.6 Armour
 + Level 3.7 Dodging
 + Level 1.1 Stealth
 + Level 7.8 Shields
 + Level 0.4 Invocations


You had 10 spell levels left.
You didn't know any spells.
Your spell library contained the following spells:

 Spells                   Type           Power      Damage    Failure   Level
 Sandblast                Erth           0%         2d4       100%        1
 Blink                    Tloc           0%         N/A       100%        2
 Passwall                 Tmut/Erth      0%         N/A       100%        2
 Lesser Beckoning         Tloc           0%         N/A       100%        3
 Portal Projectile        Hex/Tloc       0%         N/A       100%        3
 Stone Arrow              Conj/Erth      0%         3d7       100%        3
 Leda's Liquefaction      Hex/Erth       0%         N/A       100%        4
 Alistair's Intoxication  Tmut/Pois      0%         N/A       100%        5
 Borgnjor's Vile Clutch   Necr/Erth      0%         N/A       100%        5
 Manifold Assault         Tloc           0%         N/A       100%        5
 Eringya's Noxious Bog    Tmut/Pois      0%         N/A       100%        6
 Call Canine Familiar     Summ           Unusable   N/A       N/A         3

Dungeon Overview and Level Annotations

Branches:
Dungeon (10/15)            Temple (1/1) D:6            Lair (0/6) D:10
    Orc (0/2) D:9

Altars:
Ashenzari
Cheibriados
Elyvilon
Gozag
Hepliaklqana
Makhleb
Nemelex Xobeh
Okawaru
Ru
Sif Muna
Vehumet
Wu Jian
Yredelemnul
Zin

Shops:
D:1 :   D:3 *   D:9 :(?

Annotations:
D:3 2 runed translucent doors, Sobaton's ghost, amateur MiFi


Innate Abilities, Weirdness & Mutations

You have a pair of horns on your head.
You reflexively headbutt those who attack you in melee.


Message History

The orc wizard flickers and vanishes!
You hit the orc priest.
You kill the orc priest!
Okawaru accepts your kill.
You barely miss something.
An orc wizard appears from thin air!
Reactivating autopickup.
The orc wizard hits you but does no damage.
You hit the orc wizard. Your headbutt misses the orc wizard.
The orc wizard is moderately wounded.
You slash the orc wizard!
You kill the orc wizard!
Okawaru accepts your kill.
You hear the faint creaking of a portcullis very nearby.
You hit the goblin.
You kill the goblin!
Deactivating autopickup; reactivate with Ctrl-A.
You closely miss something. Your headbutt misses something. You miss something.
You block something's attack.
You hit something. Your headbutt misses something.
Something hits you but does no damage. Space warps around you.
* * * LOW HITPOINT WARNING * * *
You closely miss something. You miss something.
Something hits you but does no damage. Space warps around you.
* * * LOW HITPOINT WARNING * * *
You slash something! Something hits you but does no damage.
You blink.
The orc closely misses you.
You slash the orc!
You kill the orc!
Okawaru accepts your kill.
You feel like a meek peon again.
You slash the goblin!
You kill the goblin!
You hear some strange, mumbled words.
Something tries to affect you, but you resist.
Things that are here:
a +0 hand axe; a +0 short sword; a goblin corpse You barely miss something.
Your headbutt misses something. Something hits you but does no damage.
Space warps horribly around you!!
You die...

### #.. #.##### #.#...#
#.#.#.# ######.#.#.#
#....).@...# .≈≈
#.####.#.#.......
#.##.####.#.#.##...#
...............>.#.#
####.....####.#.. .
#.........##.#.##.#.##
#.........o.#.#)...#<. #
..............)### .# .#
......>.....oZ.#####.#..#


There were no monsters in sight!

Vanquished Creatures
  A troll (D:9)
  Grinder (D:3)
  Sigmund (D:2)
  Eustachio (D:5)
  13 yaks
  2 steam dragons (D:8)
  Menkaure (D:6)
  3 wargs (D:10)
  Edmund (D:5)
  3 water moccasins
  Pargi (D:3)
  4 orc warriors
  A sky beast (D:5)
  2 necrophages (D:5)
  A black bear (D:6)
  An ice beast (D:6)
  3 centaurs
  4 ogres
  2 phantoms
  4 kobold brigands
  2 gnoll sergeants
  4 bullfrogs
  2 wyvern zombies (D:6)
  A water moccasin skeleton (D:4)
  3 wights (D:7)
  5 howler monkeys
  A bullfrog zombie (D:5)
  2 centaur zombies
  15 orc priests
  7 hounds
  A jelly (D:7)
  2 gnoll shamans
  Jessica (D:2)
  5 iguanas
  10 orc wizards
  2 killer bee zombies (D:9)
  A hound skeleton (D:5)
  8 adders
  20 gnolls
  2 white imps
  An ufetubus (D:5)
  3 adder skeletons
  2 worms
  A dart slug (D:4)
  17 orcs
  6 ball pythons
  5 endoplasms
  A giant cockroach (D:2)
  9 goblins
  11 hobgoblins
  4 jackals (D:2)
  3 quokkas
  4 bats
  3 frilled lizards
  45 kobolds
  3 rats
262 creatures vanquished.

Vanquished Creatures (others)
  27 plants
27 creatures vanquished.

Grand Total: 289 creatures vanquished

Notes
Turn   | Place    | Note
-------+----------+-------------------------------------------
     0 | D:1      | Peloso the Minotaur Fighter began the quest for the Orb.
     0 | D:1      | Reached XP level 1. HP: 19/19 MP: 0/0
   355 | D:1      | Found Qoleos's Book Shop.
   585 | D:1      | Found a faded altar of an unknown god.
   734 | D:2      | Reached XP level 2. HP: 25/27 MP: 1/1
   785 | D:2      | Noticed Jessica
   790 | D:2      | Killed Jessica
   791 | D:2      | Reached XP level 3. HP: 25/33 MP: 2/2
   930 | D:2      | Noticed Sigmund
  1060 | D:3      | Noticed Pargi
  1077 | D:3      | Killed Pargi
  1078 | D:3      | Reached skill level 3 in Long Blades
  1078 | D:3      | Reached skill level 5 in Armour
  1078 | D:3      | Reached XP level 4. HP: 30/40 MP: 3/3
  1078 | D:3      | Reached XP level 5. HP: 35/46 MP: 4/4
  1151 | D:3      | Found a sacrificial altar of Ru.
  1331 | D:3      | Found Moxtear's Assorted Antiques.
  1370 | D:3      | Found a large runed translucent door.
  1370 | D:3      | Found a large runed translucent door.
  1374 | D:3      | Noticed Sobaton's ghost (amateur MiFi)
  1511 | D:3      | HP: 2/47 [kobold brigand/+0 club (5)]
  1839 | D:3      | Noticed Grinder
  1847 | D:3      | Paralysed by Grinder for 5 turns
  2063 | D:2      | Killed Sigmund
  2064 | D:2      | Reached skill level 4 in Long Blades
  2064 | D:2      | Reached skill level 5 in Shields
  2064 | D:2      | Reached XP level 6. HP: 34/53 MP: 5/5
  2534 | D:2      | Reached skill level 5 in Long Blades
  2834 | D:5      | Entered Level 5 of the Dungeon
  2877 | D:5      | Noticed a yak
  2877 | D:5      | Noticed a yak
  2877 | D:5      | Noticed a yak
  2904 | D:4      | Killed a yak
  2945 | D:4      | Killed a yak
  2946 | D:4      | Reached skill level 5 in Fighting
  2946 | D:4      | Reached skill level 6 in Long Blades
  2946 | D:4      | Reached XP level 7. HP: 43/61 MP: 6/6
  3102 | D:4      | Killed a yak
  3103 | D:4      | Reached skill level 1 in Dodging
  3331 | D:5      | Reached skill level 7 in Long Blades
  3493 | D:5      | Reached XP level 8. HP: 69/69 MP: 7/7
  3505 | D:5      | Noticed Eustachio
  3517 | D:5      | Killed Eustachio
  4079 | D:5      | Reached skill level 8 in Long Blades
  4292 | D:5      | Reached skill level 9 in Long Blades
  4708 | D:3      | Paralysed by Grinder for 3 turns
  4720 | D:3      | Killed Grinder
  4721 | D:3      | Reached XP level 9. HP: 78/78 MP: 8/8
  5337 | D:4      | Reached skill level 10 in Long Blades
  5512 | D:4      | Found a burning altar of Makhleb.
  5561 | D:4      | Found a shimmering blue altar of Sif Muna.
  5783 | D:6      | Noticed Edmund
  5879 | D:5      | Killed Edmund
  6241 | D:6      | Noticed Menkaure
  6250 | D:6      | Killed Menkaure
  6582 | D:6      | Found a staircase to the Ecumenical Temple.
  6589 | Temple   | Entered the Ecumenical Temple
  6658 | Temple   | Became a worshipper of Warmaster Okawaru
  6768 | D:5      | Reached skill level 10 in Armour
  6863 | D:6      | Reached skill level 11 in Long Blades
  6946 | D:6      | Reached * piety under Okawaru
  7059 | D:6      | Reached XP level 10. HP: 57/88 MP: 9/9
  8022 | D:7      | Found a snail-covered altar of Cheibriados.
  8082 | D:7      | Reached skill level 1 in Stealth
  8759 | D:8      | Reached ** piety under Okawaru
  8768 | D:8      | Reached skill level 12 in Long Blades
  8779 | D:8      | Noticed a cyclops
  8816 | D:9      | Found Nafonyop's Weapon Shoppe.
  9515 | D:9      | Found a staircase to the Orcish Mines.
  9529 | D:9      | Found a sparkling altar of Nemelex Xobeh.
  9736 | D:9      | Found Juseprept's Book Shop.
  9881 | D:9      | Reached *** piety under Okawaru
 10260 | D:9      | Found Timihol's Magic Scroll Emporium.
 10270 | D:9      | Bought a scroll of magic mapping for 45 gold pieces
 10270 | D:9      | Bought a scroll of blinking for 97 gold pieces
 10270 | D:9      | Bought a scroll of identify for 26 gold pieces
 10527 | D:10     | Entered Level 10 of the Dungeon
 10544 | D:10     | Reached XP level 11. HP: 91/97 MP: 7/10
 10549 | D:10     | Found a staircase to the Lair.
 10600 | D:10     | Slain by an orc wizard

Illustrated notes

Levels and vault maps discovered:
D:1:      grunt_arrival_lava_bath, layout_loops_ring,
          hellmonk_ecumenical_altar_lost_god, serial_shops, shop
D:2:      layout_basic, st_stairs_4, serial_bayou_pond_c, uniq_sigmund,
          uniq_jessica
D:3:      cheibrodos_thug_alley, layout_rooms,
          mainiacjoe_overflow_cross_hatched, serial_shops, shop,
          ebering_ghost_disaster_area, uniq_pargi, uniq_grinder
D:4:      layout_gridville, lightli_temple_of_fire,
          mainiacjoe_overflow_surrounded_room, kennysheep_cross_room
D:5:      cheibrodos_barr_body, layout_rooms, uniq_eustachio
D:6:      kennysheep_housing_project, layout_cave_pools, temple_green,
          uniq_menkaure, uniq_edmund
D:7:      layout_loops_cross, kennysheep_mini_moat,
          hangedman_abyss_or_decor_stabs, serial_bayou_pond_c
D:8:      layout_loops_ring
D:9:      kennysheep_kobold_camp, layout_irregular_city,
          mainiacjoe_overflow_catwalk, orc_0_dummy, serial_shops,
          nicolae_lakefront_shop, nicolae_diamond_shop,
          nicolae_shop_hallway_plus
D:10:     layout_basic, erik_lair_orcish_takeover, enter_bailey_3
Temple:   minmay_crystal_spiral_temple

Skill      XL: |  1  2  3  4  5  6  7  8  9 10 |
---------------+-------------------------------+-----
Armour         | 4 5 6 7 8 10 11 | 11.6
Shields        | 4 5 7 |  7.8
Fighting       | 4 5 6 8 9 |  9.5
Long Blades    | 3 4 6 7 9 11 12 | 12.7
Dodging        | 1 2 3 |  3.7
Stealth        | 1 |  1.1
Invocations    | |  0.4

Action                   |  1- 3 |  4- 6 |  7- 9 | 10-12 || total
-------------------------+-------+-------+-------+-------++-------
Melee: Long sword        |    47 |    99 |   322 |   172 ||   640
       Headbutt          |     4 |    17 |    60 |    98 ||   179
       Falchion          |       |       |       |   268 ||   268
Invok: Heroism           |       |       |       |     6 ||     6
  Use: Scroll            |     4 |     3 |     3 |     3 ||    13
       Potion            |     2 |     2 |       |     2 ||     6
Armor: Scale mail        |     5 |       |       |       ||     5
       Chain mail        |    39 |    53 |   142 |   101 ||   335
       Plate armour      |       |       |       |   100 ||   100
Dodge: Dodged            |    22 |    44 |   119 |   104 ||   289
Block: Buckler           |     8 |    17 |    73 |    23 ||   121
       Kite shield       |       |       |       |   124 ||   124
